 Dungeon Crawl Stone Soup version 0.23.1 (webtiles) character file.

Game seed: 0

377 Fang the Skirmisher (level 6, -4/60 HPs)
             Began as a Gargoyle Berserker on Mar 6, 2019.
             Was a Priest of Trog.
             Slain by a wight
             ... wielding a +3 great sword of freezing
              (7 damage)
             ... on level 3 of the Dungeon.
             The game lasted 00:04:23 (3061 turns).

Fang the Skirmisher (Gargoyle Berserker)            Turns: 3061, Time: 00:04:23

Health: -4/60      AC: 11    Str: 28    XL:     6   Next: 73%
Magic:  6/6        EV: 11    Int:  7    God:    Trog [***...]
Gold:   137        SH:  0    Dex:  9    Spells: 5/5 levels left

rFire    . . .     SeeInvis .   a - +0 hand axe
rCold    . . .     Gourm    .   (no shield)
rNeg     + . .     Faith    .   h - +0 scale mail
rPois    ∞         Spirit   .   (no helmet)
rElec    +         Reflect  .   (no cloak)
rCorr    .         Harm     .   (no gloves)
MR       .....                  (no boots)
Stlth    ..........             (no amulet)
HPRegen  0.20/turn              m - ring of flight
MPRegen  0.10/turn              (no ring)

@: berserking, very quick
A: negative energy resistance 1, electricity resistance, unbreathing,
petrification resistance, rot immunity, AC +4
a: Berserk, Trog's Hand, Renounce Religion, Evoke Flight


You were on level 3 of the Dungeon.
You worshipped Trog.
Trog was most pleased with you.
You were very hungry.

You visited 1 branch of the dungeon, and saw 3 of its levels.

You collected 137 gold pieces.

Inventory:

Hand Weapons
 a - a +0 hand axe (weapon)
Armour
 h - a +0 scale mail (worn)
Jewellery
 m - a ring of flight (left hand)
Scrolls
 b - 2 scrolls of enchant weapon {unknown}
 e - 2 scrolls of enchant armour {unknown}
 f - a scroll of random uselessness {unknown}
 g - a scroll of identify {unknown}
 j - a scroll of noise {unknown}
 l - a scroll of fog {unknown}
 n - a scroll of teleportation {unknown}
 q - a scroll of immolation {unknown}
 r - a scroll of remove curse {unknown}
Potions
 i - a potion of haste {unknown}
 k - 2 potions of flight {unknown}
 o - 3 potions of berserk rage {unknown}
 p - a potion of heal wounds {unknown}
 s - a potion of lignification {unknown}
 t - a potion of curing {unknown}
Comestibles
 c - 7 rations


   Skills:
 + Level 4.8 Fighting
 + Level 4.1 Axes
 + Level 4.2 Armour
 + Level 3.0 Dodging


You had 5 spell levels left.
You didn't know any spells.
Your spell library was empty.

Dungeon Overview and Level Annotations

Branches:
Dungeon (3/15)

Altars:

Annotations:
D:3 1 transporter, acremian's ghost, amateur DrBe


Innate Abilities, Weirdness & Mutations

You are resistant to torment.
Your stone body is resilient. (AC +4)
You are immune to poison.
You resist negative energy. (rN+)
You are resistant to electric shocks. (rElec)
You can survive without breathing.
You are immune to petrification.
You are immune to rotting.


Message History

You are too injured to fight recklessly!
You are too injured to fight recklessly!
You are too injured to fight recklessly!
You are too injured to fight recklessly!
The centaur skeleton hits you.
* * * LOW HITPOINT WARNING * * *
You slash acremian's ghost!
Acremian's ghost is moderately damaged.
You slash the centaur skeleton! You hit the wight.
The centaur skeleton closely misses you.
The wight closely misses you. Acremian's ghost hits you.
* * * LOW HITPOINT WARNING * * *
You hit acremian's ghost.
Acremian's ghost is heavily damaged.
You closely miss the wight. You slash the centaur skeleton!
The centaur skeleton hits you but does no damage.
Acremian's ghost hits you!
* * * LOW HITPOINT WARNING * * *
The wight hits you with a +3 great sword of freezing!
You die...

#..# #.##.########.#.###...###
####..# #................<..#.#.#
......# #..#############.#.#..##)
####.## #.(#.%.........#.#.#.#...
......# #..#...........#.#.#...#.
####..###..#..###.###..#.#.#####.
####.......#..#8#.#8#..#.#.#...#(
.......##..#$...W......#...#.#...
.......#..©#$...@Z.....#§..#..##'
.......#..)#....z......#...##.#.#
....)......#..#8#.#8#..#.#.#..###
.......###.#..###.###..#.#.#.#...
.####......#...........#.#.#.....
.......###.#..........©#.#.####..
.......###.#############......(.#
.#####.....................####(.
...###.#######...#..######## ##.


You could see a wight, acremian's ghost and a centaur skeleton.

Vanquished Creatures
  Sigmund (D:2)
  A jelly (D:3)
  A hound skeleton (D:3)
  2 gnolls
  6 adders
  A shadow imp (D:3)
  An ooze (D:2)
  A worm (D:3)
  3 dart slugs
  2 leopard geckos
  6 orcs (D:3)
  4 giant cockroaches
  10 goblins
  9 hobgoblins
  6 jackals
  9 kobolds
  A quokka (D:3)
  2 ball pythons
  9 bats
  A frilled lizard (D:2)
  11 rats
87 creatures vanquished.

Notes
Turn   | Place    | Note
-------+----------+-------------------------------------------
     0 | D:1      | Fang the Gargoyle Berserker began the quest for the Orb.
     0 | D:1      | Reached XP level 1. HP: 14/14 MP: 1/1
   125 | D:1      | Reached XP level 2. HP: 9/19 MP: 2/2
   838 | D:1      | Reached XP level 3. HP: 14/23 MP: 3/3
  1163 | D:2      | Reached ** piety under Trog
  1341 | D:2      | Reached XP level 4. HP: 29/29 MP: 4/4
  1632 | D:2      | Noticed Sigmund
  1638 | D:2      | Killed Sigmund
  1638 | D:2      | Reached XP level 5. HP: 34/34 MP: 5/5
  1638 | D:2      | Reached XP level 6. HP: 39/39 MP: 6/6
  2106 | D:3      | Found a transporter.
  2106 | D:3      | Noticed acremian's ghost (amateur DrBe)
  2408 | D:3      | Found a transporter.
  2502 | D:3      | Reached *** piety under Trog
  3061 | D:3      | HP: 3/60 [acremian's ghost (7)]
  3061 | D:3      | Slain by a wight

Skill      XL: |  1  2  3  4  5  6 |
---------------+-------------------+-----
Axes           | 3 4 |  4.1
Dodging        | 2 3 |  3.0
Armour         | 3 4 |  4.2
Fighting       | 4 |  4.8

Action                   |  1- 3 |  4- 6 || total
-------------------------+-------+-------++-------
Melee: Hand axe          |   138 |   222 ||   360
Invok: Berserk           |     1 |     2 ||     3
  Eat: Chunk             |     3 |     6 ||     9
Armor: Animal skin       |    35 |       ||    35
       Scale mail        |    51 |   110 ||   161
Dodge: Dodged            |   125 |   139 ||   264
